 Dungeon Crawl Stone Soup version 0.29-a0-341-g24ffce5b50 (webtiles) character file.

Game seed: 11398185007285037603

95 spaghetti the Covered (level 4, 0/40 HPs)
             Began as a Deep Dwarf Monk on Apr 20, 2022.
             Was a Priest of Makhleb.
             Slain by Natasha (6 damage)
             ... on level 2 of the Dungeon.
             The game lasted 00:03:39 (1065 turns).

spaghetti the Covered (Deep Dwarf Monk)             Turns: 1065, Time: 00:03:40

Health: 0/40       AC:  3    Str: 16    XL:     4   Next: 40%
Magic:  5/5        EV: 13    Int: 11    God:    Makhleb [***...]
Gold:   68         SH:  0    Dex: 15    Spells: 3/3 levels left

rFire   . . .      SeeInvis +   a - +0 mace {mace}
rCold   . . .      Faith    .   (no shield)
rNeg    . . .      Spirit   .   g - +0 robe
rPois   .          Reflect  .   (no helmet)
rElec   .          Harm     .   h - +0 cloak
rCorr   .          Rampage  .   (no gloves)
Will    .....                   (no boots)
Stlth   ++........              (no amulet)
HPRegen 0.00/turn               j - ring of see invisible
MPRegen 0.09/turn               (no ring)

@: no status effects
A: damage resistance, heal wounds, sense surroundings 1, no regeneration
a: Heal Wounds, Renounce Religion, Minor Destruction, Lesser Servant of Makhleb


You were on level 2 of the Dungeon.
You worshipped Makhleb.
Makhleb was most pleased with you.
You visited 1 branch of the dungeon, and saw 2 of its levels.

You collected 68 gold pieces.


Innate Abilities, Weirdness & Mutations

You are resistant to damage.
You can heal yourself by infusing magical energy.
You passively map a small area around you.
You do not regenerate.


   Skills:
 - Level 2.6 Fighting
 - Level 3.0 Maces & Flails
 * Level 2.1 Slings
 + Level 3.3 Armour
 - Level 3.2 Dodging
 - Level 2.4 Stealth
 + Level 1.9 Invocations


You had 3 spell levels left.
You didn't know any spells.
Your spell library was empty.

Inventory:

Hand Weapons
 a - a +0 mace (weapon) {mace}
 b - a +0 hunting sling {sling}
   (You found it on level 1 of the Dungeon)
Missiles
 i - 36 stones (quivered) {throwing}
 l - 4 poisoned darts {throwing}
Armour
 g - a +0 robe (worn)
 h - a +0 cloak (worn)
   (You found it on level 1 of the Dungeon)
Jewellery
 j - a ring of see invisible (left hand)
   (You found it on level 1 of the Dungeon)
Scrolls
 e - a scroll of torment {unknown}
 f - a scroll of enchant weapon {unknown}
Potions
 c - a potion of ambrosia
 d - a potion of curing {@q1}
 m - a potion of resistance {unknown}
 n - 2 potions of heal wounds {unknown}

Dungeon Overview and Level Annotations

Branches:
Dungeon (2/15)

Altars:
Makhleb

Annotations:
D:2 Natasha

,, * .......>.#########
..#.............######
,#.....................
#.................#..# *
, #....!................
*###..................#..
......††5............###
* #.?@h(.((........### ,
,#...5..>...........# ,
##.............#.... *
##.....#.....#####. *
########.#### *#. , #.# *
.. ** #.# ,.## ** * ..# *
.# . * .## *


You could see Natasha and 2 white imps.


Message History

Press: ? - help, Q - select action, (/) - cycle Shift-Dir - straight line, f/p - jackal
Aim: a jackal (50% to hit)
You shoot a sling bullet.
The sling bullet barely misses the jackal.
Fire: b) +0 hunting sling {sling}
Press: ? - help, Q - select action, (/) - cycle Shift-Dir - straight line, f/p - jackal
Aim: a jackal (50% to hit)
You shoot a sling bullet. The sling bullet hits the jackal.
You kill the jackal!
Makhleb accepts your kill.
Fire: b) +0 hunting sling {sling}
Press: ? - help, Q - select action, (/) - cycle Shift-Dir - straight line, f - jackal
Aim: a jackal (50% to hit)
You shoot a sling bullet.
The sling bullet hits the jackal but does no damage.
A jackal comes into view.
The jackal closely misses you.
a - a +0 mace (weapon)
{mace} The jackal barks!
The jackal closely misses you.
You are too injured to fight recklessly!
You sock the jackal!
You kill the jackal!
Makhleb accepts your kill.
You feel better. 😮 HP[+1]
b - a +0 hunting sling (weapon)
{sling} Fire: b) +0 hunting sling {sling}
Press: ? - help, Q - select action, (/) - cycle Shift-Dir - straight line, f - jackal
Aim: a jackal (50% to hit)
You shoot a sling bullet. The sling bullet hits the jackal.
The jackal bites you but does no damage.
Natasha, Servant of Life and Death comes into view.
a - a +0 mace (weapon)
{mace} The jackal misses you.
Natasha hisses angrily.
You thump the jackal!
You kill the jackal!
Makhleb accepts your kill.
You feel better.
Natasha mumbles some strange words. 😮 HP[+1] Throw: 41 stones {throwing}
Press: ? - help, Q - select action, (/) - cycle Shift-Dir - straight line, f - Natasha
Aim: Natasha (51% to hit)
You throw a stone {throwing}.
The stone {throwing} hits Natasha but does no damage.
Throw: 40 stones {throwing}
Press: ? - help, Q - select action, (/) - cycle Shift-Dir - straight line, f/p - Natasha
Aim: Natasha (51% to hit)
You throw a stone {throwing}. The stone {throwing} hits Natasha.
Natasha casts a spell at you. You resist with some effort.
Throw: 39 stones {throwing}
Press: ? - help, Q - select action, (/) - cycle Shift-Dir - straight line, f/p - Natasha
Aim: Natasha (51% to hit)
You throw a stone {throwing}. The stone {throwing} hits Natasha.
Throw: 38 stones {throwing}
Press: ? - help, Q - select action, (/) - cycle Shift-Dir - straight line, f/p - Natasha
Aim: Natasha (lightly wounded, 51% to hit)
You throw a stone {throwing}.
The stone {throwing} hits Natasha but does no damage.
Natasha wildly gestures.
Natasha glows brightly for a moment.
Throw: 37 stones {throwing}
Press: ? - help, Q - select action, (/) - cycle Shift-Dir - straight line, f/p - Natasha
Aim: Natasha (lightly wounded, 51% to hit)
You throw a stone {throwing}.
The stone {throwing} hits Natasha but does no damage.
You closely miss Natasha.
Natasha extends her claws.
Natasha mumbles some strange words.
You closely miss Natasha. Natasha completely misses you.
Natasha claws you but does no damage.
You barely miss Natasha. The white imp hits you. The white imp freezes you.
Natasha claws you but does no damage. The white imp hits you.
The white imp freezes you. 😮 HP[-4]
You take 4 damage, and now have 24/40 hp.
You hit Natasha.
The white imp hits you but does no damage.
Natasha claws you.
The white imp closely misses you. 😮 HP[-2]
You take 2 damage, and now have 22/40 hp.
You hit Natasha. The white imp completely misses you. Natasha claws you.
* * * LOW HITPOINT WARNING * * *
The white imp barely misses you. The white imp misses you. 😨 HP[-2]
You take 2 damage, and now have 20/40 hp.
You barely miss Natasha. Natasha claws you.
* * * LOW HITPOINT WARNING * * *
The white imp gestures at you. The puff of frost hits you!
* * * LOW HITPOINT WARNING * * *
The white imp hits you.
* * * LOW HITPOINT WARNING * * *
The white imp freezes you.
* * * LOW HITPOINT WARNING * * *
Natasha claws you!
You die...

Skill      XL: |  1  2  3 |
---------------+----------+-----
Armour         | 1 2 3 |  3.3
Slings         | 2 |  2.1
Invocations    | 1 |  1.9
Fighting       | |  2.6
Maces & Flails | |  3.0
Dodging        | |  3.2
Stealth        | |  2.4

Action                   |  1- 3 |  4- 6 || total
-------------------------+-------+-------++-------
Melee: Mace              |    52 |     8 ||    60
       Punch             |     1 |       ||     1
 Fire: Hunting sling     |    73 |    13 ||    86
Throw: Stone             |       |     5 ||     5
 Abil: Heal Wounds       |     1 |       ||     1
  Use: Potion            |     2 |       ||     2
 Stab: Sleeping          |     2 |       ||     2
Armor: Robe              |    16 |     4 ||    20
Dodge: Dodged            |    58 |     8 ||    66

Levels and vault maps discovered:
D:1:      psy_arrival_conway, layout_basic,
          shapermc_ecumenical_altar_flowoftime, chequers_serial_rivers_large_a,
          minmay_misc_feat_plants
D:2:      layout_rooms, serial_shops, nicolae_lakefront_shop, uniq_jessica,
          uniq_sigmund, uniq_terence, uniq_natasha

Notes
Turn   | Place    | Note
-------+----------+-------------------------------------------
     0 | D:1      | spaghetti the Deep Dwarf Monk began the quest for the Orb.
     0 | D:1      | Reached XP level 1. HP: 20/20 MP: 1/1
     0 | D:1      | magus.rc [v1.9.6]
    43 | D:1      | Reached skill level 1 in Armour
   224 | D:1      | Reached XP level 2. HP: 25/27 MP: 2/2
   225 | D:1      | Reached skill level 2 in Armour
   317 | D:1      | Found a faded altar of an unknown god.
   325 | D:1      | Prayed at the altar of an unknown god.
   325 | D:1      | Became a worshipper of Makhleb the Destroyer
   325 | D:1      | Reached * piety under Makhleb
   325 | D:1      | Reached ** piety under Makhleb
   445 | D:1      | Reached *** piety under Makhleb
   591 | D:1      | Reached XP level 3. HP: 33/33 MP: 3/3
   959 | D:2      | Noticed Jessica
   962 | D:2      | Reached skill level 3 in Armour
   964 | D:2      | Noticed Natasha
   984 | D:1      | Killed Jessica
   985 | D:1      | Reached skill level 1 in Slings
   985 | D:1      | Reached skill level 1 in Invocations
  1003 | D:2      | HP: 8/33 [Natasha/magic dart (8)]
  1004 | D:2      | HP: 1/33 [Natasha/magic dart (7)]
  1010 | D:2      | Killed Natasha
  1011 | D:2      | Reached skill level 2 in Slings
  1011 | D:2      | Reached XP level 4. HP: 26/40 MP: 5/5
  1052 | D:2      | Noticed Natasha
  1065 | D:2      | HP: 8/40 [white imp/puff of frost[Natasha] (7)]
  1065 | D:2      | Slain by Natasha

Vanquished Creatures
  Jessica (D:1)
  Natasha (D:2)
  A worm (D:2)
  A dart slug (D:1)
  An endoplasm (D:1)
  2 giant cockroaches (D:1)
  2 goblins (D:1)
  4 hobgoblins
  3 jackals (D:2)
  2 quokkas (D:1)
  3 ball pythons
  6 bats (D:1)
  6 frilled lizards (D:1)
  3 kobolds (D:1)
  6 rats
42 creatures vanquished.

Vanquished Creatures (others)
  A withered plant (D:1)
1 creature vanquished.

Grand Total: 43 creatures vanquished

Table legend:
 A = Non-vault XP
 B = Vault XP
 C = Vault XP percentage of total XP
 D = Non-vault monster count
 E = Vault monster count
 F = Vault count percentage of total count
                 A         B        C        D         E       F
            +---------+---------+-------+---------+---------+-------
      Total |      67 |      70 |  51.1 |      40 |       2 |   4.8
            +---------+---------+-------+---------+---------+-------
        D:1 |      51 |      37 |  42.0 |      33 |       1 |   2.9
        D:2 |      16 |      33 |  67.3 |       7 |       1 |  12.5
            +---------+---------+-------+---------+---------+-------

Illustrated notes

Table legend:
 A = Kills in this place as a percentage of kills in entire the game.
 B = Kills by you in this place as a percentage of kills by you in the entire game.
 C = Kills by friends in this place as a percentage of kills by friends in the entire game.
 D = Other kills in this place as a percentage of other kills in the entire game.
 E = Experience gained in this place as a percentage of experience gained in the entire game.
 F = Experience gained in this place divided by the number of levels of this place that you have seen.
                   A       B       C       D       E      F
               +-------+-------+-------+-------+-------+----------------------
         Total | 100.0 | 100.0 |   N/A |   N/A | 100.0 |  68.5
       Dungeon | 100.0 | 100.0 |   N/A |   N/A | 100.0 |  68.5
               +-------+-------+-------+-------+-------+----------------------

Table legend: (Time is in decaauts)
 A = Elapsed time spent in this place.
 B = Non-inter-level travel time spent in this place.
 C = Inter-level travel time spent in this place.
 D = Time resting spent in this place.
 E = Time spent auto-exploring this place.
 F = Levels seen in this place.
 G = Mean time per level.
                   A        B        C        D        E       F      G
               +--------+--------+--------+--------+--------+-----+--------+
         Total |   1123 |   1079 |     44 |      2 |    728 |   2 |  561.5 |
       Dungeon |   1123 |   1079 |     44 |      2 |    728 |   2 |  561.5 |
               +--------+--------+--------+--------+--------+-----+--------+

Top non-repeatable levels by time:
     D:1: 1030 daAuts
     D:2: 92 daAuts
